 Dungeon Crawl Stone Soup version 0.19.1-1-g22dce08 (webtiles) character file.

78 nikopol the Skirmisher (level 4, -5/29 HPs)
             Began as a Gargoyle Berserker on Jan 16, 2017.
             Was a Believer of Trog.
             Slain by Crazy Yiuf
             ... wielding a +2 quarterstaff of chaos
              (6 damage)
             ... on level 4 of the Dungeon.
             The game lasted 00:09:08 (2146 turns).

nikopol the Skirmisher (Gargoyle Berserker)         Turns: 2146, Time: 00:09:09

Health: -5/29      AC: 12    Str: 21    XL:     4   Next: 36%
Magic:  4/4        EV:  7    Int:  7    God:    Trog [**....]
Gold:   143        SH:  3    Dex: 10    Spells: 0 memorised, 3 levels left

rFire  . . .     SeeInvis .     a - +0 hand axe
rCold  . . .     Gourm    .     m - +0 chain mail
rNeg   + . .     Faith    .     r - +0 buckler
rPois  ∞         Spirit   .     (no helmet)
rElec  +         Reflect  .     (no cloak)
rCorr  .         Harm     .     (no gloves)
MR     .....                    (no boots)
Stlth  ..........               (no amulet)
                                (no ring)
                                (no ring)

@: exhausted, starving, slowed, very slow
A: negative energy resistance 1, electricity resistance, unbreathing,
petrification resistance, rot immunity, AC +3
a: Berserk, Trog's Hand, Burn Spellbooks, Renounce Religion


You were on level 4 of the Dungeon.
You worshipped Trog.
Trog was pleased with you.
You were starving.

You visited 1 branch of the dungeon, and saw 4 of its levels.

You collected 143 gold pieces.

Inventory:

Hand Weapons
 a - a +0 hand axe (weapon)
Armour
 m - a +0 chain mail (worn)
 r - a +0 buckler (worn)
Scrolls
 h - a scroll of remove curse {unknown}
 k - a scroll of immolation {unknown}
 l - a scroll of identify {unknown}
 n - 2 scrolls of teleportation {unknown}
 p - a scroll of noise {unknown}
 q - a scroll of fear {unknown}
Potions
 d - 2 potions of degeneration {unknown}
 e - 3 potions of curing {unknown}
 g - a potion of magic {unknown}
 o - a potion of lignification {unknown}
Comestibles
 c - 2 bread rations
 j - 3 meat rations


   Skills:
 + Level 3.8 Fighting
 * Level 3.1 Axes
 + Level 3.0 Armour
 + Level 2.4 Dodging
 * Level 0.2 Shields


You had 3 spell levels left.
You didn't know any spells.

Dungeon Overview and Level Annotations

Branches:
Dungeon (4/15)
 Temple: D:4-7

Altars:
Kikubaaqudgha
Vehumet

Annotations:
D:4 Crazy Yiuf


Innate Abilities, Weirdness & Mutations

You are resistant to torment.
Your stone body is resilient. (AC +3)
You are immune to poison.
You resist negative energy. (rN+)
You are resistant to electric shocks. (rElec)
You can survive without breathing.
You are immune to petrification.
You are immune to rotting.


Message History

Crazy Yiuf is almost dead.
You hit Crazy Yiuf.
Crazy Yiuf is almost dead.
You are no longer berserk.
You are exhausted.
You feel yourself slow down. Crazy Yiuf hits you but does no damage.
You closely miss Crazy Yiuf.
Crazy Yiuf is almost dead.
Crazy Yiuf hits you but does no damage. Space bends around you.
Crazy Yiuf cries, "You leg down broken song, no?"
Crazy Yiuf hits you but does no damage.
You hit Crazy Yiuf but do no damage.
Crazy Yiuf is almost dead.
Crazy Yiuf barely misses you.
You barely miss Crazy Yiuf.
Crazy Yiuf is almost dead.
Crazy Yiuf hits you with a quarterstaff of chaos!
* * * LOW HITPOINT WARNING * * *
Crazy Yiuf burns you.
You die...

.... ...# ...# ...#
########
...###....#.########
...##......#..##...#
#..#......####.'@g.#
#.>......## ###..)#
#.######## #####
#...# #.### #..<#
#####


You could see Crazy Yiuf.

Vanquished Creatures
  2 adders (D:3)
  A worm (D:2)
  3 dart slugs
  2 leopard geckos
  A ball python (D:2)
  4 bats
  6 goblins
  3 hobgoblins (D:2)
  5 jackals
  7 kobolds
  2 quokkas (D:2)
  5 frilled lizards
  9 rats
50 creatures vanquished.

Notes
Turn   | Place    | Note
-------+----------+-------------------------------------------
     0 | D:1      | nikopol the Gargoyle Berserker began the quest for the Orb.
     0 | D:1      | Reached XP level 1. HP: 14/14 MP: 1/1
   361 | D:1      | Reached XP level 2. HP: 15/19 MP: 2/2
   710 | D:2      | Found an ancient bone altar of Kikubaaqudgha.
   807 | D:2      | Reached ** piety under Trog
   821 | D:2      | Reached XP level 3. HP: 18/23 MP: 3/3
  1708 | D:3      | Reached XP level 4. HP: 28/29 MP: 4/4
  1964 | D:3      | Found a faded altar of an unknown god.
  1964 | D:3      | Found a radiant altar of Vehumet.
  1969 | D:3      | Found a faded altar of an unknown god.
  1971 | D:3      | Found a faded altar of an unknown god.
  1972 | D:3      | Found a faded altar of an unknown god.
  2120 | D:4      | Found a runed door.
  2124 | D:4      | Noticed Crazy Yiuf
  2146 | D:4      | HP: 1/29 [Crazy Yiuf/quarterstaff of chaos (11)]
  2146 | D:4      | Slain by Crazy Yiuf

Skill      XL: |  1  2  3  4 |
---------------+-------------+-----
Dodging        | 2 |  2.4
Axes           | 3 |  3.1
Armour         | 3 |  3.0
Fighting       | |  3.8
Shields        | |  0.2

Action                   |  1- 3 |  4- 6 || total
-------------------------+-------+-------++-------
Melee: Hand axe          |   174 |    49 ||   223
Invok: Berserk           |       |     1 ||     1
  Eat: Chunk             |     3 |       ||     3
Armor: Ring mail         |    54 |       ||    54
       Animal skin       |     1 |       ||     1
       Chain mail        |    42 |    26 ||    68
Dodge: Dodged            |   110 |    31 ||   141
Block: Buckler           |       |     1 ||     1
